 Dungeon Crawl Stone Soup version 0.27-a0-695-gb4952372f7 (webtiles) character file.

Game seed: 17454043647616433008

74 leviel the Cudgeller (level 4, -1/29 HPs)
             Began as a Gargoyle Monk on Mar 22, 2021.
             Slain by Crazy Yiuf
             ... wielding a +2 quarterstaff of chaos
              (6 damage)
             ... on level 2 of the Dungeon.
             The game lasted 00:03:31 (2037 turns).

leviel the Cudgeller (Gargoyle Monk)                Turns: 2037, Time: 00:03:32

Health: -1/29      AC:  9    Str: 15    XL:     4   Next: 30%
Magic:  4/4        EV: 11    Int: 11    God:
Gold:   53         SH:  0    Dex: 12    Spells: 3/3 levels left

rFire    . . .     SeeInvis .   g - +0 morningstar
rCold    . . .     Faith    +   (no shield)
rNeg     + + +     Spirit   .   e - +1 ring mail {rN+}
rPois    ∞         Reflect  .   (no helmet)
rElec    +         Harm     .   (no cloak)
rCorr    .         Rampage  .   (no gloves)
Will     .....                  (no boots)
Stlth    +.........             c - amulet of faith
HPRegen  0.09/turn              j - ring of positive energy
MPRegen  0.09/turn              (no ring)

@: slowed, very slow
A: AC +3, negative energy resistance 1, electricity resistance, torment
resistance 1, unbreathing 1, petrification resistance
a: no special abilities


You were on level 2 of the Dungeon.
You visited 1 branch of the dungeon, and saw 2 of its levels.

You collected 53 gold pieces.

Inventory:

Hand Weapons
 a - a +0 mace
 d - a +0 hunting sling
 g - a +0 morningstar (weapon)
Armour
 b - a +0 robe
 e - a +1 ring mail of positive energy (worn)
Jewellery
 c - an amulet of faith (around neck)
 j - a ring of positive energy (right hand)
 k - a +4 ring of protection
Scrolls
 f - a scroll of blinking {unknown}
 h - a scroll of noise {unknown}
 i - a scroll of magic mapping {unknown}


   Skills:
 * Level 4.0 Fighting
 * Level 4.1 Maces & Flails
 + Level 0.8 Armour
 + Level 2.6 Dodging
 + Level 2.3 Stealth


You had 3 spell levels left.
You didn't know any spells.
Your spell library contained the following spells:

 Spells                   Type           Power      Damage    Failure   Level
 Animate Skeleton         Necr           0%         N/A       56%         1
 Apportation              Tloc           0%         N/A       56%         1
 Corona                   Hex            0%         N/A       56%         1
 Summon Small Mammal      Summ           0%         N/A       56%         1


Dungeon Overview and Level Annotations

Branches:
Dungeon (2/15)

Altars:
The Shining One

Annotations:
D:2 Crazy Yiuf


Innate Abilities, Weirdness & Mutations

Your stone body is resilient. (AC +3)
You are immune to poison.
You resist negative energy. (rN+)
You are resistant to electric shocks. (rElec)
You are resistant to unholy torment.
You can survive without breathing.
You are immune to petrification.


Message History

You see here a +0 club.
You see here 21 stones.
There is an escape hatch in the floor here.
There is a stone staircase leading up here.
Partly explored, can't reach some places.
There is a stone staircase leading up here.
There is an escape hatch in the floor here.
Partly explored, can't reach some places.
There is a stone staircase leading up here.
You hit the fungus.
The fungus begins to die.
The fungus is lightly damaged.
You hit the fungus.
The fungus is lightly damaged.
You sock the fungus!
The fungus is lightly damaged.
A nearby fungus withers and dies.
Found a mace.
Found a runed translucent door.
You open the door. You puncture Crazy Yiuf!
Crazy Yiuf is heavily wounded.
Crazy Yiuf misses you.
You barely miss Crazy Yiuf.
Crazy Yiuf is heavily wounded.
Crazy Yiuf hits you with a +2 quarterstaff of chaos.
You feel yourself slow down.
You barely miss Crazy Yiuf.
Crazy Yiuf is heavily wounded.
Crazy Yiuf barely misses you. Crazy Yiuf closely misses you.
You barely miss Crazy Yiuf.
Crazy Yiuf is heavily wounded.
Crazy Yiuf hits you with a +2 quarterstaff of chaos!
You feel as though you will be slow longer.
Crazy Yiuf hits you with a +2 quarterstaff of chaos!
* * * LOW HITPOINT WARNING * * *
Crazy Yiuf burns you.
* * * LOW HITPOINT WARNING * * *
You closely miss Crazy Yiuf.
Crazy Yiuf is heavily wounded.
Crazy Yiuf hits you with a +2 quarterstaff of chaos.
You die...

##..##
##.##.
#....# #.#..
♣.PP.♣ #...#
♣.PP♣♣ #...#
♣♣.♣♣ #...#
♣.♣♣ #...#
♣♣.♣ #####
♣.♣♣
##########
♣♣@♣
###....†.#..
#g#
#.#....)...#
...
#........###
#...#
#.#......# #
#..)#
#.......####
#####
####....##..
###......
######
##.....
#....#
#.....


You could see Crazy Yiuf.

Vanquished Creatures
  3 adders
  3 dart slugs
  2 worms (D:2)
  A leopard gecko (D:1)
  2 bats
  4 giant cockroaches
  4 hobgoblins (D:2)
  4 jackals
  A quokka (D:1)
  A ball python (D:1)
  A frilled lizard (D:2)
  5 goblins (D:2)
  4 rats
35 creatures vanquished.

Vanquished Creatures (others)
  A fungus (D:2)
1 creature vanquished.

Grand Total: 36 creatures vanquished

Notes
Turn   | Place    | Note
-------+----------+-------------------------------------------
     0 | D:1      | leviel the Gargoyle Monk began the quest for the Orb.
     0 | D:1      | Reached XP level 1. HP: 14/14 MP: 1/1
   475 | D:1      | Reached XP level 2. HP: 17/19 MP: 2/2
  1000 | D:1      | Reached XP level 3. HP: 15/24 MP: 3/3
  1505 | D:2      | Reached XP level 4. HP: 29/29 MP: 4/4
  1678 | D:2      | Found a glowing golden altar of the Shining One.
  2028 | D:2      | Found a runed translucent door.
  2029 | D:2      | Noticed Crazy Yiuf
  2037 | D:2      | Slain by Crazy Yiuf

Illustrated notes

Levels and vault maps discovered:
D:1:      psy_arrival_terrarium, layout_loops_corners,
          minmay_misc_feat_four_crosses
D:2:      layout_rooms, st_stairs_10, tso_metal_star, uniq_crazy_yiuf_cottage

Skill      XL: |  1  2  3  4 |
---------------+-------------+-----
Maces & Flails | 4 |  4.1
Fighting       | 4 |  4.0
Armour         | |  0.8
Dodging        | |  2.6
Stealth        | |  2.3

Action                   |  1- 3 |  4- 6 || total
-------------------------+-------+-------++-------
Melee: Mace              |    36 |       ||    36
       Morningstar       |    38 |    31 ||    69
 Stab: Sleeping          |     2 |       ||     2
Armor: Robe              |     8 |       ||     8
       Ring mail         |    54 |    15 ||    69
Dodge: Dodged            |    79 |    20 ||    99

Table legend: (Time is in decaauts)
 A = Elapsed time spent in this place.
 B = Non-inter-level travel time spent in this place.
 C = Inter-level travel time spent in this place.
 D = Time resting spent in this place.
 E = Time spent auto-exploring this place.
 F = Levels seen in this place.
 G = Mean time per level.
                   A        B        C        D        E       F      G
               +--------+--------+--------+--------+--------+-----+--------+
         Total |   2068 |   2031 |     37 |    361 |   1338 |   2 | 1034.0 |
       Dungeon |   2068 |   2031 |     37 |    361 |   1338 |   2 | 1034.0 |
               +--------+--------+--------+--------+--------+-----+--------+

Top non-repeatable levels by time:
     D:1: 1092 daAuts
     D:2: 976 daAuts
